 Dungeon Crawl Stone Soup version 0.28.0 (webtiles) character file.

Game seed: 17830949501240936045

128359 theElss the Warrior (level 17, -9/116 HPs)
             Began as a Gargoyle Berserker on Feb 18, 2022.
             Was a High Priest of Trog.
             Killed by divine providence
             ... invoked by an orc priest
              (14 damage)
             ... on level 2 of the Orcish Mines.
             The game lasted 01:51:17 (29855 turns).

theElss the Warrior (Gargoyle Berserker)           Turns: 29855, Time: 01:51:17

Health: -9/116     AC: 39    Str: 22      XL:     17   Next: 3%
Magic:  17/17      EV: 13    Int: 10 (12) God:    Trog [*****.]
Gold:   2777       SH:  0    Dex: 13      Spells: 16/16 levels left

rFire   + + .      SeeInvis .   b - +7 great mace "Firestarter" {inner flame, rF++}
rCold   . . .      Faith    .   (shield currently unavailable)
rNeg    + + +      Spirit   .   y - +2 plate armour {rN+}
rPois   ∞          Reflect  .   w - +1 helmet {Int+3}
rElec   +          Harm     .   n - +0 cloak
rCorr   .          Rampage  .   h - +0 pair of gloves
Will    +++..      Rage     1%  A - +0 pair of boots
Stlth   ..........              I - amulet of regeneration
HPRegen 2.09/turn               g - ring of positive energy
MPRegen 0.15/turn               p - +4 ring of protection

@: about to teleport, strong-willed, flying, regenerating
A: sickness immunity, AC +12, big wings, negative energy resistance 1,
electricity resistance, torment resistance 1, petrification resistance, berserk
1, deformed body, weak 1, devolution 1
a: Renounce Religion, Berserk, Trog's Hand, Brothers in Arms


You were on level 2 of the Orcish Mines.
You worshipped Trog.
Trog was extremely pleased with you.
You visited 4 branches of the dungeon, and saw 24 of its levels.
You visited the Abyss 1 time.
You also visited: Sewer and Ice Cave.

You collected 3096 gold pieces.
You spent 319 gold pieces at shops.

Inventory:

Hand Weapons
 a - a +1 flail of venom
 b - the +7 great mace "Firestarter" (weapon) {inner flame, rF++}
   (You found it on level 10 of the Dungeon)

   It burns those it strikes, dealing additional fire damage.
   It fills those it strikes with an explosive inner flame.
   It grants immunity to clouds of flame.
   rF:        It greatly protects you from fire.
Missiles
 E - 5 throwing nets (quivered)
Armour
 h - a +0 pair of gloves (worn)
 n - a +0 cloak (worn)
 o - a +2 kite shield of poison resistance
 w - a +1 helmet of intelligence (worn)
 y - a +2 plate armour of positive energy (worn)
 A - a +0 pair of boots (worn)
Jewellery
 g - a ring of positive energy (left hand)
 k - a ring of resist corrosion
 p - a +4 ring of protection (right hand)
 q - a ring of protection from cold
 I - an amulet of regeneration (around neck)
 K - a +4 ring of evasion
 V - a ring of protection from cold
 Y - an amulet of faith
Wands
 j - a wand of acid (18)
 H - a wand of digging (15)
 M - a wand of polymorph (5)
 U - a wand of flame (3)
Scrolls
 c - a scroll of teleportation
 d - 7 scrolls of fear
 e - 2 scrolls of holy word
 m - 7 scrolls of blinking
 s - 3 scrolls of summoning
 t - a scroll of immolation {unknown}
 u - a scroll of enchant weapon {unknown}
 z - 3 scrolls of fog
 O - 5 scrolls of magic mapping
 P - 3 scrolls of amnesia
 R - a scroll of silence {unknown}
 T - 4 scrolls of enchant armour
Potions
 i - 13 potions of curing
 l - 4 potions of might
 r - 2 potions of cancellation
 v - 6 potions of haste
 x - a potion of resistance
 D - a potion of attraction
 F - 3 potions of ambrosia
 G - 2 potions of lignification
 X - 3 potions of mutation
 Z - a potion of experience {unknown}
Miscellaneous
 J - a condenser vane
 L - a phial of floods


   Skills:
 + Level 16.9 Fighting
 + Level 15.5 Maces & Flails
 + Level 16.7 Armour
 + Level 15.0 Dodging


You had 16 spell levels left.
You didn't know any spells.
Your spell library was empty.

Dungeon Overview and Level Annotations

Branches:
Dungeon (15/15)            Temple (0/1) D:6            Lair (6/6) D:9
  Swamp (0/4) Lair:4        Snake (1/4) Lair:4        Slime (0/5) Lair:6
    Orc (2/2) D:9             Elf (0/3) Orc:2        Vaults (0/5) D:13
 Depths (0/4) D:15          Sewer (visited)           IceCv (visited)

Altars:
Dithmenos
Fedhas
Kikubaaqudgha
Okawaru
Vehumet
Xom
Yredelemnul
Zin
Beogh
Jiyva

Shops:
D:1 !   D:3 ?   D:4 :   D:6 **(=[   Orc:1 *   Orc:2 ((?*

Portals:
Trove: D:15 (give 7 scrolls of fear)


Innate Abilities, Weirdness & Mutations

You are immune to sickness and miasma.
Your stone body is resilient. (AC +12)
You are immune to poison.
Your large and strong wings let you fly.
You resist negative energy. (rN+)
You are resistant to electric shocks. (rElec)
You are resistant to unholy torment.
You are immune to petrification.
You tend to lose your temper in combat.
Armour fits poorly on your strangely shaped body.
You are weak. (Str -2)
You have hidden genetic defects.


Message History

Trog accepts your kill.
Trog appreciates your killing of a magic user.
The fiery explosion engulfs the orc!!!
You kill the orc!
Trog accepts your kill.
The fiery explosion engulfs you but does no damage.
The fiery explosion engulfs the ogre!!
The ogre is severely wounded.
The fiery explosion engulfs something!!
Trog accepts your kill.
Trog appreciates your killing of a magic user.
Reactivating autopickup.
You feel a bit more experienced.
The orc wizard explodes!
You hear a shout! x6
The ogre is engulfed in blazing flames.
You kill the ogre!
Trog accepts your kill.
An orc priest comes into view. It is wielding a +0 flail.
The orc priest looks satisfied for a moment.
Unknown command.
You hear some strange, mumbled words.
A puff of flame appears from out of thin air!
Deactivating autopickup; reactivate with Ctrl-A.
The puff of flame misses you.
The orc priest invokes the aid of Beogh against you.
Beogh smites you!
* * * LOW HITPOINT WARNING * * *
The orc priest hits you but does no damage.
The orc priest calls down the wrath of Beogh upon you.
Beogh smites you!
* * * LOW HITPOINT WARNING * * *
You hear a shout!
Items here: )))) [[[[ †.
As you read the scroll of teleportation, it crumbles to dust.
You feel strangely unstable. The orc priest closely misses you.
An orc sorcerer comes into view.
It is wielding a +0 dagger and wearing a +2 robe of willpower.
The orc priest calls down the wrath of Beogh upon you.
Beogh smites you!
You die...

...8.... #..
##.$...o........8. ##..
#................. ...#
#.................
...##................#
#...o................
.#####.o.................
......)o§§...............
.....o§§@§...............
....o.§§§)...............
###.oo######.....#...#...
...o.. ##.....#.#..#♣
..... ##.....∩..... ..###
#....#.#.... .
#...#...#... #...........
#...........


You could see an orc sorcerer, an orc warrior, 5 orc priests, an orc wizard and
an orc.

Vanquished Creatures
  Rupert (D:15)
  2 tentacled starspawn (Abyss:4)
  Kirke (D:15)
  2 frost giants (IceCv)
  An ironbound preserver (D:13)
  A juggernaut skeleton (Abyss:3)
  A starcursed mass (Abyss:4)
  Nessos (D:14)
  The ghost of Dmuffinman the Fencer, a journeyman MiBe of Trog (Orc:1)
  A white draconian (IceCv)
  Snorg (Lair:5)
  A rakshasa (D:13)
  Fannar (Lair:2)
  A salamander tyrant (D:9)
  3 catoblepae (Lair:6)
  3 ironbound frosthearts (IceCv)
  4 boulder beetles
  4 two-headed ogres
  8 hydras
  Erica (D:9)
  10 centaur warriors
  3 tengu warriors (D:15)
  16 death yaks
  A death knight (D:14)
  2 vampire magi
  An orc high priest (Orc:2)
  2 thrashing horrors
  7 skeletal warriors
  A titan skeleton (D:15)
  A spatial maelstrom (Abyss:4)
  The ghost of p0werm0de the Chiller, a novice GnIE of Cheibriados (D:8)
  An orange crystal statue (IceCv)
  2 wizards
  29 ugly things
  A harpy (shapeshifter) (D:15)
  A mana viper (Snake:1)
  A necromancer (D:15)
  2 deep elf pyromancers (D:12)
  An orc knight (D:11)
  An orc sorcerer (Orc:1)
  6 cyclopes
  A stone giant zombie (D:15)
  6 manticores
  A sphinx skeleton (D:15)
  14 elephants
  3 black mambas
  A worldbinder (Abyss:3)
  3 smoke demons
  An orange demon (Abyss:3)
  3 unseen horrors
  13 cane toads
  A gargoyle (D:12)
  Maggie (Lair:2)
  A kobold demonologist (D:13)
  2 efreet
  A freezing wraith (D:14)
  10 komodo dragons
  A demonic crawler (Abyss:4)
  19 rime drakes
  A tengu conjurer (D:13)
  3 ancient zymes
  4 trolls
  3 meliai (D:15)
  19 slime creatures
  15 polar bears
  33 blink frogs
  4 raiju (Abyss:4)
  An ettin zombie (D:15)
  75 yaks
  Sigmund (D:4)
  A vampire (D:12)
  4 basilisks
  3 wraiths
  3 fire bats
  A hog (D:15)
  3 neqoxecs
  Grum (Lair:1)
  4 wyverns
  3 fire elementals (D:10)
  2 steam dragons
  A chaos spawn (Abyss:3)
  3 large abominations
  6 vampire mosquitoes
  3 nagas (Lair:4)
  2 wargs
  13 water moccasins
  A black bear (shapeshifter) (D:14)
  2 ice beasts (D:5)
  15 orc warriors
  A sky beast (D:6)
  3 ogres
  3 boggarts (D:15)
  24 wolves
  2 necrophages
  A phantom (D:4)
  15 centaurs
  4 kobold brigands
  A small abomination (Abyss:4)
  14 bullfrogs
  2 gnoll sergeants (D:9)
  A scorpion (D:5)
  A water moccasin zombie (D:6)
  3 killer bees (D:9)
  9 wights (D:8)
  3 howler monkeys
  A bullfrog zombie (D:6)
  A quasit (Abyss:4)
  2 jellies (D:5)
  11 orc priests
  7 centaur zombies
  A centaur skeleton (D:7)
  3 hounds
  Natasha (thrice) (D:2)
  5 iguanas
  19 orc wizards
  A killer bee zombie (D:8)
  A hound skeleton (D:5)
  14 gnolls
  4 adders
  3 white imps
  2 ufetubi
  A worm (D:5)
  3 dart slugs
  90 orcs
  6 ball pythons
  3 endoplasms
  4 giant cockroaches
  3 hobgoblins
  4 jackals (Sewer)
  20 kobolds
  9 quokkas
  5 bats
  7 frilled lizards
  7 goblins
  4 rats
  A fungus (D:5)
  A starspawn tentacle (Abyss:4)
774 creatures vanquished.

Vanquished Creatures (collateral kills)
  Roxanne (D:15)
  Louise (D:15)
2 creatures vanquished.

Vanquished Creatures (others)
  A wizard (D:15)
  A cyclops (D:15)
  An unseen horror (D:12)
  6 humans (D:15)
  A small abomination (Abyss:4)
  An orc priest (D:12)
  An orc (D:12)
  45 fungi
  73 plants
  5 starspawn tentacles (Abyss:4)
  10 withered plants (D:15)
145 creatures vanquished.

Grand Total: 921 creatures vanquished

Notes
Turn   | Place    | Note
-------+----------+-------------------------------------------
     0 | D:1      | theElss the Gargoyle Berserker began the quest for the Orb.
     0 | D:1      | Reached XP level 1. HP: 14/14 MP: 1/1
   267 | D:1      | Found Luas's Distillery.
   361 | D:1      | Reached XP level 2. HP: 7/19 MP: 2/2
   917 | D:1      | Found a faded altar of an unknown god.
  1328 | D:2      | Reached XP level 3. HP: 23/23 MP: 3/3
  1851 | D:2      | Reached XP level 4. HP: 26/29 MP: 4/4
  1954 | D:2      | Noticed Natasha
  1962 | D:2      | Killed Natasha
  2159 | D:2      | Noticed Natasha
  2175 | D:2      | Killed Natasha
  2550 | D:2      | Noticed Natasha
  2557 | D:2      | Killed Natasha
  2558 | D:2      | Reached XP level 5. HP: 33/33 MP: 5/5
  2800 | D:3      | Found Onet's Magic Scroll Emporium.
  2806 | D:3      | Bought a scroll of teleportation for 36 gold pieces
  2889 | D:3      | Reached ** piety under Trog
  3047 | D:3      | Found an iron altar of Okawaru.
  3678 | D:4      | Reached XP level 6. HP: 23/39 MP: 6/6
  3907 | D:4      | Found Wuas's Book Shoppe.
  4211 | D:4      | Noticed Sigmund
  4230 | D:4      | Killed Sigmund
  4231 | D:4      | Reached skill level 5 in Fighting
  4231 | D:4      | Reached XP level 7. HP: 44/44 MP: 7/7
  4502 | D:5      | Entered Level 5 of the Dungeon
  4533 | D:5      | Reached skill level 5 in Maces & Flails
  4732 | D:5      | Reached skill level 5 in Armour
  5053 | D:5      | Found a glowing drain.
  5076 | Sewer    | Entered a sewer
  5191 | Sewer    | Reached XP level 8. HP: 39/51 MP: 8/8
  6279 | D:3      | Bought a scroll of identify for 24 gold pieces
  6279 | D:3      | Bought a scroll of identify for 24 gold pieces
  6279 | D:3      | Bought a scroll of identify for 24 gold pieces
  6279 | D:3      | Bought a scroll of blinking for 90 gold pieces
  6331 | D:6      | Found Iholyac's Assorted Antiques.
  6368 | D:6      | Found Reelakh's Jewellery Emporium.
  6620 | D:6      | Found Cuakhlykh's Weapon Shoppe.
  6658 | D:6      | Found Famuan's General Store.
  6688 | D:6      | Bought a +0 pair of boots for 45 gold pieces
  6688 | D:6      | Bought a scroll of identify for 20 gold pieces
  6830 | D:6      | Found a radiant altar of Vehumet.
  6833 | D:6      | Found an ancient bone altar of Kikubaaqudgha.
  6834 | D:6      | Found a shimmering altar of Xom.
  6868 | D:6      | Found a blossoming altar of Fedhas.
  6868 | D:6      | Found a shadowy altar of Dithmenos.
  6951 | D:6      | Found a staircase to the Ecumenical Temple.
  6977 | D:6      | Identified the +0 robe of Rocratem {-Tele Fly Str-2
                  | Archmagi}
  7046 | D:6      | Found Fuahexa's Armour Boutique.
  7271 | D:7      | Reached XP level 9. HP: 56/56 MP: 9/9
  7736 | D:7      | Noticed a five-headed hydra
  7809 | D:8      | Reached skill level 5 in Dodging
  7811 | D:8      | Reached *** piety under Trog
  8182 | D:8      | Noticed a centaur warrior
  8191 | D:8      | Killed a centaur warrior
  8267 | D:8      | Noticed a two-headed ogre
  8289 | D:8      | Killed a two-headed ogre
  8290 | D:8      | Reached XP level 10. HP: 65/65 MP: 10/10
  8606 | D:8      | Noticed a purple ugly thing
  8638 | D:8      | Killed a purple ugly thing
  8977 | D:8      | Found a runed translucent door.
  8979 | D:8      | Noticed p0werm0de's ghost (novice GnIE)
  9054 | D:8      | Killed p0werm0de's ghost
 10107 | D:9      | Found a staircase to the Orcish Mines.
 10572 | D:9      | Found a glowing silver altar of Zin.
 10628 | D:9      | Reached XP level 11. HP: 71/71 MP: 11/11
 10890 | D:9      | Found a staircase to the Lair.
 11210 | D:10     | Entered Level 10 of the Dungeon
 11239 | D:10     | Noticed a seven-headed hydra
 11305 | Lair:1   | Entered Level 1 of the Lair of Beasts
 11559 | Lair:2   | Reached skill level 10 in Fighting
 11661 | Lair:2   | You fall into a shaft and drop 2 floors!
 12058 | Lair:4   | Found a staircase to the Swamp.
 12070 | Lair:4   | Found a staircase to the Snake Pit.
 12112 | Lair:4   | Noticed a death yak
 12129 | Lair:4   | Noticed a death yak
 12131 | Lair:4   | Noticed a death yak
 12143 | Snake:1  | Entered Level 1 of the Snake Pit
 12147 | Snake:1  | Reached skill level 10 in Armour
 12309 | Snake:1  | Killed a death yak
 12320 | Snake:1  | Killed a death yak
 12393 | Snake:1  | Noticed a mana viper
 12428 | Snake:1  | Killed a mana viper
 12602 | Lair:4   | Killed a death yak
 12687 | Lair:4   | Reached skill level 10 in Maces & Flails
 12900 | Lair:3   | Reached XP level 12. HP: 79/79 MP: 12/12
 13255 | Lair:3   | Reached skill level 10 in Dodging
 14249 | Lair:2   | Noticed Fannar
 14338 | Lair:2   | Noticed a seven-headed hydra
 14441 | Lair:2   | Noticed an eight-headed hydra
 14504 | Lair:2   | Killed Fannar
 14507 | Lair:2   | HP: 3/120 [seven-headed hydra (7)]
 14510 | Lair:2   | Killed a seven-headed hydra
 14925 | Lair:2   | Killed an eight-headed hydra
 14982 | Lair:2   | Noticed Maggie
 14997 | Lair:2   | Killed Maggie
 15586 | Lair:1   | Reached **** piety under Trog
 15587 | Lair:1   | Reached XP level 13. HP: 85/86 MP: 13/13
 15676 | Lair:1   | Noticed Grum
 15759 | Lair:1   | Killed Grum
 17657 | Lair:5   | Noticed Snorg
 17674 | Lair:5   | Killed Snorg
 17947 | Lair:5   | Gained mutation: Your large and strong wings let you fly.
                  | [Gargoyle growth]
 17947 | Lair:5   | Reached XP level 14. HP: 93/94 MP: 14/14
 18531 | Lair:6   | Entered Level 6 of the Lair of Beasts
 18885 | Lair:6   | Reached ***** piety under Trog
 19275 | Lair:6   | Found a viscous altar of Jiyva.
 19275 | Lair:6   | Found a staircase to the Slime Pits.
 21023 | D:10     | Found a basalt altar of Yredelemnul.
 21091 | D:10     | Received a gift from Trog
 21237 | D:10     | Noticed Erica
 21264 | D:10     | Reached XP level 15. HP: 93/101 MP: 15/15
 21277 | D:10     | Found the +7 great mace "Firestarter" {inner flame, rF++}
 21502 | D:9      | Killed Erica
 21993 | D:11     | You are sucked into a shaft and drop 3 floors!
 22073 | D:14     | Reached skill level 15 in Fighting
 22254 | D:14     | Found a frozen archway.
 22288 | IceCv    | Entered an ice cave
 22313 | IceCv    | Reached skill level 15 in Armour
 22912 | IceCv    | Noticed a frost giant
 22912 | IceCv    | Noticed a frost giant
 22934 | IceCv    | Killed a frost giant
 22954 | IceCv    | Killed a frost giant
 23317 | D:14     | Noticed Nessos
 23351 | D:14     | Killed Nessos
 23705 | D:13     | Reached XP level 16. HP: 108/110 MP: 16/16
 23932 | D:13     | Identified the +1 dire flail of Icveiben {vorpal, rPois
                  | Dex+4} (Trog gifted it to you on level 13 of the Dungeon)
 23932 | D:13     | Received a gift from Trog
 24048 | D:13     | Found a gate to the Vaults.
 25467 | D:13     | Reached skill level 15 in Maces & Flails
 26367 | D:15     | Entered Level 15 of the Dungeon
 26632 | D:15     | Noticed Kirke
 26648 | D:15     | Noticed a sphinx
 26653 | D:15     | Killed Kirke
 26682 | D:15     | Found a staircase to the Depths.
 27349 | D:15     | Noticed Louise
 27351 | D:15     | Noticed Rupert
 27377 | D:15     | Killed Rupert
 27378 | D:15     | Reached skill level 15 in Dodging
 27401 | D:15     | Cast into level 3 of the Abyss (Louise)
 27440 | Abyss:3  | Gained mutation: Armour fits poorly on your strangely
                  | shaped body. [a neqoxec]
 27445 | Abyss:3  | Gained mutation: You are weak. (Str -2) [a neqoxec]
 27666 | Abyss:3  | Noticed an Executioner
 27669 | Abyss:3  | Noticed a lich
 27735 | Abyss:4  | Gained mutation: You tend to lose your temper in combat. [a
                  | neqoxec]
 27738 | Abyss:4  | Gained mutation: You have hidden genetic defects. [a
                  | neqoxec]
 27843 | Abyss:4  | Noticed a tentacled starspawn
 27856 | Abyss:4  | Killed a tentacled starspawn
 27945 | Abyss:4  | Noticed a tentacled starspawn
 27949 | Abyss:4  | Killed a tentacled starspawn
 28018 | D:15     | Escaped the Abyss
 28043 | D:15     | Killed Louise
 28141 | D:15     | Identified Roxanne's Catalogue of Earth
 28141 | D:15     | Noticed Roxanne
 28164 | D:15     | Killed Roxanne
 28450 | D:15     | Found a portal to a secret trove of treasure.
 29008 | Orc:1    | Entered Level 1 of the Orcish Mines
 29012 | Orc:1    | Found a large runed translucent door.
 29036 | Orc:1    | Found a large runed translucent door.
 29038 | Orc:1    | Noticed Dmuffinman's ghost (journeyman MiBe)
 29065 | Orc:1    | Killed Dmuffinman's ghost
 29333 | Orc:1    | Paralysed by an orc sorcerer for 2 turns
 29394 | Orc:1    | Found Visuulue's General Store.
 29430 | Orc:1    | Bought a scroll of fear for 56 gold pieces
 29539 | Orc:2    | Entered Level 2 of the Orcish Mines
 29569 | Orc:2    | Found Ixtutze's Assorted Antiques.
 29580 | Orc:2    | Found Weliton's Magic Scroll Emporium.
 29592 | Orc:2    | Found Secluot's Weapon Emporium.
 29622 | Orc:2    | Reached XP level 17. HP: 76/116 MP: 17/17
 29703 | Orc:2    | Found Vuddepsi's Weapon Boutique.
 29757 | Orc:2    | Found a staircase to the Elven Halls.
 29824 | Orc:2    | Received a gift from Trog
 29854 | Orc:2    | HP: 3/116 [orc priest/divine providence (15)]
 29855 | Orc:2    | Killed from afar by an orc priest

Illustrated notes

Levels and vault maps discovered:
D:1:      lemuel_arrival_lava_pool, layout_basic, serial_glass, glass_columns_b,
          glass_columns_b, glass_columns_b, shapermc_ecumenical_altar_gd,
          serial_shops, shop
D:2:      minmay_chambers_of_ones, layout_basic, uniq_natasha
D:3:      layout_basic, okawaru_altar_gauntlet_db, serial_shops,
          nicolae_shop_trees
D:4:      layout_loops_cross, serial_shops, nicolae_shop_statue_plus,
          uniq_sigmund
D:5:      layout_basic, gup_sewer_entry_pipe, water_boxes_lemuel
D:6:      layout_cave_pools, minmay_overflow_temple_star_hex,
          minmay_temple_entry_antechambers, serial_shops, nicolae_diamond_shop,
          nicolae_shop_waterfront, shop, shop, shop_fountains
D:7:      layout_layer_cave
D:8:      layout_cave_pods, gammafunk_ghost_grave, minmay_manual_mail
D:9:      layout_irregular_city, mainiacjoe_overflow_concentric_impassable,
          lair_entry_dummy, hiddenorc2_lemuel, lemuel_flamethrower_hall
D:10:     minmay_firetagon, layout_rooms, yredelemnul_altar_generic, uniq_erica
D:11:     layout_roguey [special_room_orc]
D:12:     layout_roguey
D:13:     layout_cave_pools, skrybe_vaults_entry_preservation
D:14:     layout_loops_corners, minmay_misc_feat_chi,
          portal_ice_cave_entry_ugly_swarm, uniq_nessos
D:15:     gammafunk_depths_entry_grave, layout_cave_pods,
          nicolae_trove_entry_crystal, minmay_unpleasant_kobolds, uniq_louise,
          uniq_rupert, uniq_roxanne, uniq_kirke
Lair:1:   layout_chaotic_city, uniq_grum
Lair:2:   layout_chaotic_city, lemuel_old_faithful, uniq_fannar, uniq_maggie
Lair:3:   layout_cellular_growth, gauntlet_entry_generic, wad_woods_road_06,
          serial_bayou_shore_a, infiniplex_staircase_pool
Lair:4:   layout_small_grid, swamp_mist, guppyfry_snake_entry_garden,
          lemuel_fruit_fields
Lair:5:   layout_roguey, grunt_megastairs_3, uniq_snorg
Lair:6:   evilmike_catoblepas_cave, layout_regular_city,
          dpeg_slime_entry_enclosed_altar, lemuel_fruit_tree,
          lemuel_fruit_fields
Snake:1:  layout_misc_corridors
Orc:1:    layout_diamond_mine, serial_shops, nicolae_shop_window_shopping,
          nicolae_shop_hallway_plus, basic_altar, ebering_ghost_disaster_area
Orc:2:    st_orc_mages, layout_caves, serial_shops, shop, shop_fountains, shop,
          nicolae_shop_trees, nicolae_shop_advertising_works
          [nicolae_subvault_shop_adworks], nicolae_orc_stony_grotto,
          bh_open_orc_temple

Skill      XL: |  1  2  3  4  5  6  7  8  9 10 11 12 13 14 15 16 |
---------------+-------------------------------------------------+-----
Dodging        | 2 3 4 6 7 9 11 12 13 14 15 | 15.0
Fighting       | 4 5 6 8 9 10 12 13 14 15 16 | 16.9
Armour         | 3 4 5 6 8 9 10 11 13 14 15 16 | 16.7
Maces & Flails | 4 5 6 7 8 10 11 12 13 14 15 | 15.5

Action                   |  1- 3 |  4- 6 |  7- 9 | 10-12 | 13-15 | 16-18 || total
-------------------------+-------+-------+-------+-------+-------+-------++-------
Melee: Mace              |    97 |   155 |   225 |       |       |       ||   477
       Punch             |     1 |     3 |     2 |       |       |       ||     6
       Flail             |       |       |    86 |       |   998 |   641 ||  1725
       Morningstar       |       |       |    46 |   905 |   255 |       ||  1206
       Great mace        |       |       |       |       |   158 |   352 ||   510
Invok: Berserk           |     2 |     8 |    10 |    22 |     6 |     6 ||    54
       Trog's Hand       |       |     2 |     1 |     8 |     6 |     7 ||    24
       Brothers in Arms  |       |       |       |       |       |     2 ||     2
  Use: Scroll            |       |       |     6 |    11 |     2 |    11 ||    30
       Potion            |       |       |       |     2 |       |     1 ||     3
Armor: Scale mail        |    51 |    99 |   139 |       |       |       ||   289
       Chain mail        |       |       |    98 |   721 |   862 |   749 ||  2430
       Plate armour      |       |       |       |       |       |    75 ||    75
Dodge: Dodged            |    65 |   112 |   217 |   782 |  1057 |   713 ||  2946
Block: Buckler           |       |       |    35 |   161 |   175 |    29 ||   400
       Kite shield       |       |       |       |       |       |   190 ||   190
